3L
MONTANA PANDAS @ TOLEDO STINGERS
07/25/2029
 
TOP OF THE 1ST
Montana Pandas batting - Pitching for Toledo Stingers : RHP Francis McBride
Pitching: RHP Francis McBride
Batting: LHB Enrique Ortega 0-0: Foul Ball, location: 2F
0-1: Ball
1-1: DOUBLE (Line Drive, 9LM)
Batting: LHB Chris McKinney 0-0: Ball
1-0: Ball
2-0: Ball
3-0: Called Strike
3-1: Base on Balls
Batting: LHB José León 0-0: Foul Ball, location: 2F
0-1: Called Strike
0-2: Strikes out swinging
Batting: LHB Ned Durand 0-0: Ball
1-0: Called Strike
1-1: SINGLE (Line Drive, 34)
Enrique Ortega to third
Chris McKinney to second
Batting: RHB Pau Arria 0-0: Grounds into double play, 5-4-3 (Groundball, 56)
Top of the 1st over - 0 runs, 2 hits, 0 errors, 2 left on base; Montana 0 - Toledo 0
BOTTOM OF THE 1ST
Toledo Stingers batting - Pitching for Montana Pandas : LHP Rust Cohle
Pitching: LHP Rust Cohle
Batting: SHB Dylan Carson 0-0: Called Strike
0-1: Ground out U3 (Groundball, 34)
Batting: RHB Alfredo Martínez 0-0: Foul Ball, location: 2F
0-1: SINGLE (Line Drive, 89M)
Batting: RHB Hugo Rampley 0-0: Called Strike
0-1: Ball
1-1: Hit by Pitch
Alfredo Martínez to second
Batting: RHB Francis Kelly 0-0: Ball
Alfredo Martínez steals 3rd base
1-0: Called Strike
1-1: Called Strike
1-2: Foul Ball, location: 2F
1-2: Ball
Wild Pitch!
Alfredo Martínez scores
Hugo Rampley to second
2-2: Ground out 5-3 (Groundball, 56)
Batting: SHB Eugene Clutch 0-0: Ball
1-0: Swinging Strike
1-1: Foul Ball, location: 2F
1-2: Foul Ball, location: 2F
1-2: Strikes out looking
Bottom of the 1st over - 1 run, 1 hit, 0 errors, 1 left on base; Montana 0 - Toledo 1
TOP OF THE 2ND
Montana Pandas batting - Pitching for Toledo Stingers : RHP Francis McBride
Batting: LHB José Ruíz 0-0: Ball
1-0: Ground out U3 (Groundball, 34)
Batting: RHB Phil Sherman 0-0: Single, Error in OF, E7, batter to second base
Batting: LHB Roberto Fierro 0-0: Called Strike
0-1: Ball
1-1: Swinging Strike
1-2: Strikes out looking
Batting: RHB John MacGregor 0-0: Ball
1-0: Ball
2-0: Foul Ball, location: 2F
2-1: Called Strike
2-2: Foul Ball, location: 2F
2-2: Ball
3-2: Foul Ball, location: 2F
3-2: Foul Ball, location: 2F
3-2: Ground out 4-3 (Groundball, 4)
Top of the 2nd over - 0 runs, 1 hit, 1 error, 1 left on base; Montana 0 - Toledo 1
BOTTOM OF THE 2ND
Toledo Stingers batting - Pitching for Montana Pandas : LHP Rust Cohle
Batting: LHB Michael Neely 0-0: Ball
1-0: Ball
2-0: Ball
3-0: Called Strike
3-1: Base on Balls
Batting: RHB Héctor Rivera 0-0: Called Strike
0-1: Ball
1-1: Grounds into double play, 1-6-3 (Groundball, 13)
Batting: LHB Locke Lamora 0-0: Called Strike
0-1: Foul Ball, location: 2F
0-2: Ball
1-2: Ground out 5-3 (Groundball, 56)
Bottom of the 2nd over - 0 runs, 0 hits, 0 errors, 0 left on base; Montana 0 - Toledo 1
TOP OF THE 3RD
Montana Pandas batting - Pitching for Toledo Stingers : RHP Francis McBride
Batting: LHB Enrique Ortega 0-0: Ball
1-0: Called Strike
1-1: Ball
2-1: Swinging Strike
2-2: Fly out, F4 (Popup, 34)
Batting: LHB Chris McKinney 0-0: Called Strike
0-1: Ball
1-1: Ball
2-1: Called Strike
2-2: Strikes out swinging
Batting: LHB José León 0-0: Ball
1-0: Called Strike
1-1: Swinging Strike
1-2: Foul Ball, location: 2F
1-2: Strikes out swinging
Top of the 3rd over - 0 runs, 0 hits, 0 errors, 0 left on base; Montana 0 - Toledo 1
BOTTOM OF THE 3RD
Toledo Stingers batting - Pitching for Montana Pandas : LHP Rust Cohle
Batting: RHB Ken Little 0-0: Ball
1-0: Swinging Strike
1-1: Ball
2-1: Ball
3-1: Base on Balls
Batting: SHB Dylan Carson 0-0: Ball
1-0: Ball
2-0: Called Strike
2-1: Fly out, F8 (Flyball, 8RXD)
Batting: RHB Alfredo Martínez 0-0: Ball
1-0: Ball
2-0: Foul Ball, location: 2F
2-1: Fly out, F9 (Line Drive, 89S)
Batting: RHB Hugo Rampley 0-0: Ball
1-0: Ball
2-0: Ground out 1-3 (Groundball, 13)
Bottom of the 3rd over - 0 runs, 0 hits, 0 errors, 1 left on base; Montana 0 - Toledo 1
TOP OF THE 4TH
Montana Pandas batting - Pitching for Toledo Stingers : RHP Francis McBride
Batting: LHB Ned Durand 0-0: Ball
1-0: Foul Ball, location: 2F
1-1: Ball
2-1: DOUBLE (Line Drive, 89XD)
Batting: RHB Pau Arria 0-0: Fly out, F9 (Flyball, 89S)
Batting: LHB José Ruíz 0-0: Fly out, F7 (Flyball, 7D)
Runner from 2nd tags up, SAFE at 3rd, no throw
Batting: RHB Phil Sherman 0-0: Called Strike
0-1: Ball
1-1: Fly out, F9 (Flyball, 9)
Top of the 4th over - 0 runs, 1 hit, 0 errors, 1 left on base; Montana 0 - Toledo 1
BOTTOM OF THE 4TH
Toledo Stingers batting - Pitching for Montana Pandas : LHP Rust Cohle
Batting: RHB Francis Kelly 0-0: Ground out 6-3 (Groundball, 6)
Batting: SHB Eugene Clutch 0-0: Ground out 5-3 (Groundball, 56)
Batting: LHB Michael Neely 0-0: Swinging Strike
0-1: Ground out U3 (Groundball, 34)
Bottom of the 4th over - 0 runs, 0 hits, 0 errors, 0 left on base; Montana 0 - Toledo 1
TOP OF THE 5TH
Montana Pandas batting - Pitching for Toledo Stingers : RHP Francis McBride
Batting: LHB Roberto Fierro 0-0: Fly out, F3 (Popup, 34S)
Batting: RHB John MacGregor 0-0: Ball
1-0: Swinging Strike
1-1: Ball
2-1: Called Strike
2-2: Fly out, F8 (Flyball, 89M)
Batting: LHB Enrique Ortega 0-0: Foul Ball, location: 2F
0-1: Swinging Strike
0-2: Ball
1-2: Fly out, F8 (Line Drive, 89D)
Top of the 5th over - 0 runs, 0 hits, 0 errors, 0 left on base; Montana 0 - Toledo 1
BOTTOM OF THE 5TH
Toledo Stingers batting - Pitching for Montana Pandas : LHP Rust Cohle
Batting: RHB Héctor Rivera 0-0: Ball
1-0: Foul Ball, location: 2F
1-1: Ball
2-1: Foul Ball, location: 2F
2-2: Ball
3-2: Fly out, F9 (Flyball, 89XD)
Batting: LHB Locke Lamora 0-0: Ball
1-0: Ground out 4-3 (Groundball, 4M)
Batting: RHB Ken Little 0-0: Ball
1-0: SINGLE (Line Drive, 78M)
Batting: SHB Dylan Carson 0-0: Ball
1-0: Called Strike
1-1: SINGLE (Flyball, 8LS)
Ken Little to second
Batting: RHB Alfredo Martínez 0-0: Foul Ball, location: 2F
0-1: Ball
1-1: Foul Ball, location: 2F
1-2: Hit by Pitch
Ken Little to third
Dylan Carson to second
Batting: RHB Hugo Rampley 0-0: Ball
1-0: Called Strike
1-1: Ball
2-1: Fly out, F6 (Line Drive, 6)
Bottom of the 5th over - 0 runs, 2 hits, 0 errors, 3 left on base; Montana 0 - Toledo 1
TOP OF THE 6TH
Montana Pandas batting - Pitching for Toledo Stingers : RHP Francis McBride
Batting: LHB Chris McKinney 0-0: Ball
1-0: Ball
2-0: Foul Ball, location: 2F
2-1: Called Strike
2-2: Foul Ball, location: 2F
2-2: DOUBLE (Flyball, 89D)
Batting: LHB José León 0-0: Foul Ball, location: 2F
0-1: Ground out 6-3 (Groundball, 6M)
Chris McKinney to third
Batting: LHB Ned Durand 0-0: Called Strike
0-1: Ball
1-1: DOUBLE (Flyball, 9LD)
Chris McKinney scores
Batting: RHB Pau Arria 0-0: Ball
1-0: Ball
2-0: Swinging Strike
2-1: Ball
3-1: Called Strike
3-2: Ground out 3-1 (Groundball, 34)
Ned Durand to third
Batting: LHB José Ruíz 0-0: Swinging Strike
0-1: Ground out U3 (Groundball, 23)
Top of the 6th over - 1 run, 2 hits, 0 errors, 1 left on base; Montana 1 - Toledo 1
BOTTOM OF THE 6TH
Toledo Stingers batting - Pitching for Montana Pandas : LHP Rust Cohle
Batting: RHB Francis Kelly 0-0: Fly out, F9 (Flyball, 9D)
Batting: SHB Eugene Clutch 0-0: Foul Ball, location: 2F
0-1: Ball
1-1: Called Strike
1-2: Foul Ball, location: 2F
1-2: Ground out 5-3 (Groundball, 56)
Batting: LHB Michael Neely 0-0: Foul Ball, location: 2F
0-1: Foul Ball, location: 2F
0-2: Foul Ball, location: 2F
0-2: Strikes out swinging
Bottom of the 6th over - 0 runs, 0 hits, 0 errors, 0 left on base; Montana 1 - Toledo 1
TOP OF THE 7TH
Montana Pandas batting - Pitching for Toledo Stingers : RHP Francis McBride
Batting: RHB Phil Sherman 0-0: SINGLE (Flyball, 9LS)
Batting: LHB Roberto Fierro 0-0: Ball
1-0: Ball
2-0: Ball
3-0: Base on Balls
Phil Sherman to second
Batting: RHB John MacGregor 0-0: Ball
1-0: Ball
2-0: Ball
3-0: Swinging Strike
3-1: SINGLE (Line Drive, 89S)
Phil Sherman to third
Roberto Fierro to second
Batting: LHB Enrique Ortega 0-0: Called Strike
0-1: Ball
1-1: Swinging Strike
1-2: Strikes out swinging
Batting: LHB Chris McKinney 0-0: Ball
1-0: Swinging Strike
1-1: Ball
2-1: Ball
3-1: Base on Balls
Phil Sherman scores
Roberto Fierro to third
John MacGregor to second
Batting: LHB José León 0-0: SINGLE (Line Drive, 6M)
Roberto Fierro scores
John MacGregor to third
Chris McKinney to second
Batting: LHB Ned Durand 0-0: Called Strike
0-1: Ball
1-1: Ball
2-1: Ball
3-1: Base on Balls
John MacGregor scores
Chris McKinney to third
José León to second
Batting: RHB Pau Arria 0-0: GRAND SLAM HOME RUN (Flyball, 7LD), Distance : 364 ft
Batting: LHB José Ruíz 0-0: Foul Ball, location: 2F
0-1: SINGLE (Line Drive, 6MD)
Pitching: RHP Gabriel Escobar
Batting: RHB Phil Sherman 0-0: Ball
1-0: Ball
2-0: Foul Ball, location: 2F
2-1: Grounds into double play, 6-4-3 (Groundball, 6)
Top of the 7th over - 7 runs, 5 hits, 0 errors, 0 left on base; Montana 8 - Toledo 1
BOTTOM OF THE 7TH
Toledo Stingers batting - Pitching for Montana Pandas : LHP Rust Cohle
Batting: RHB Héctor Rivera 0-0: Fly out, F9 (Flyball, 9LM)
Batting: LHB Locke Lamora 0-0: Foul Ball, location: 2F
0-1: Ground out 4-3 (Groundball, 4D)
Batting: RHB Ken Little 0-0: Ball
1-0: Ball
2-0: Ground out 3-1 (Groundball, 34)
Bottom of the 7th over - 0 runs, 0 hits, 0 errors, 0 left on base; Montana 8 - Toledo 1
TOP OF THE 8TH
Montana Pandas batting - Pitching for Toledo Stingers : RHP Gabriel Escobar
Batting: LHB Roberto Fierro 0-0: Ball
1-0: Ball
2-0: Called Strike
2-1: Foul Ball, location: 2F
2-2: Ball
3-2: Foul Ball, location: 2F
3-2: Foul Ball, location: 2F
3-2: Strikes out swinging
Batting: RHB John MacGregor 0-0: Called Strike
0-1: Foul Ball, location: 2F
0-2: Ball
1-2: Strikes out swinging
Batting: LHB Enrique Ortega 0-0: Ground out 5-3 (Groundball, 56)
Top of the 8th over - 0 runs, 0 hits, 0 errors, 0 left on base; Montana 8 - Toledo 1
BOTTOM OF THE 8TH
Toledo Stingers batting - Pitching for Montana Pandas : LHP Rust Cohle
Pitching: LHP Ilie Paunescu
Batting: SHB Dylan Carson 0-0: Ball
1-0: Swinging Strike
1-1: Ball
2-1: Called Strike
2-2: Ground out 5-3 (Groundball, 5L)
Batting: RHB Alfredo Martínez 0-0: Called Strike
0-1: TRIPLE (Flyball, 78XD)
Batting: RHB Hugo Rampley 0-0: Ball
Steal of home, Alfredo Martínez is safe
1-0: Ball
2-0: Fly out, F6 (Flyball, 56D)
Batting: RHB Francis Kelly 0-0: Foul Ball, location: 2F
0-1: Called Strike
0-2: Ball
1-2: Strikes out swinging
Bottom of the 8th over - 1 run, 1 hit, 0 errors, 0 left on base; Montana 8 - Toledo 2
TOP OF THE 9TH
Montana Pandas batting - Pitching for Toledo Stingers : RHP Gabriel Escobar
Pitching: LHP An Jang-Yop
Batting: LHB Chris McKinney 0-0: Ball
1-0: Called Strike
1-1: Called Strike
1-2: Ball
2-2: Strikes out looking
Batting: LHB José León 0-0: Foul Ball, location: 2F
0-1: Ball
1-1: Ground out 6-3 (Groundball, 56)
Batting: LHB Ned Durand 0-0: Fly out, F8 (Flyball, 8RD)
Top of the 9th over - 0 runs, 0 hits, 0 errors, 0 left on base; Montana 8 - Toledo 2
BOTTOM OF THE 9TH
Toledo Stingers batting - Pitching for Montana Pandas : LHP Ilie Paunescu
Batting: SHB Eugene Clutch 0-0: Called Strike
0-1: Ball
1-1: Fly out, F8 (Flyball, 8RD)
Batting: LHB Michael Neely 0-0: Ball
1-0: Ball
2-0: Swinging Strike
2-1: Ball
3-1: Ground out U3 (Groundball, 3L)
Batting: RHB Héctor Rivera 0-0: Called Strike
0-1: Ball
1-1: Foul Ball, location: 2F
1-2: Strikes out swinging
Bottom of the 9th over - 0 runs, 0 hits, 0 errors, 0 left on base; Montana 8 - Toledo 2
Tuesday, December 19th, 2017 - OOTP Baseball 18.8 Build 76